 Dungeon Crawl Stone Soup version 0.27-a0-1308-gc08437e49b (webtiles) character file.

Game seed: 12406717026880441013

81 Sobieck the Ducker (level 4, 0/24 HPs)
             Began as a Spriggan Berserker on June 18, 2021.
             Was a Believer of Trog.
             Killed from afar by an orc wizard (3 damage)
             ... with a puff of flame
             ... on level 2 of the Dungeon.
             The game lasted 00:02:17 (1706 turns).

Sobieck the Ducker (Spriggan Berserker)             Turns: 1706, Time: 00:02:18

Health: 0/24       AC:  2    Str: 14    XL:     4   Next: 19%
Magic:  5/5        EV: 18    Int:  8    God:    Trog [**....]
Gold:   41         SH:  5    Dex: 14    Spells: 3/3 levels left

rFire    . . .     SeeInvis +   a - +0 falchion {long}
rCold    . . .     Faith    .   g - +0 buckler
rNeg     . . .     Spirit   .   b - +0 animal skin
rPois    .         Reflect  .   (helmet restricted)
rElec    .         Harm     .   (no cloak)
rCorr    .         Rampage  .   (gloves unavailable)
Will     .....                  (boots unavailable)
Stlth    +.........             (no amulet)
HPRegen  0.08/turn              (no ring)
MPRegen  0.09/turn              (no ring)

@: on berserk cooldown, slowed, quick
A: very small, no large weapons, unfitting armour, see invisible, speed 3
a: Renounce Religion, Berserk, Trog's Hand


You were on level 2 of the Dungeon.
You worshipped Trog.
Trog was pleased with you.
You visited 1 branch of the dungeon, and saw 3 of its levels.

You collected 41 gold pieces.


Innate Abilities, Weirdness & Mutations

You are very small and have problems with some larger weapons.
You are too small for most types of armour.
You have supernaturally acute eyesight. (SInv)
You cover ground extremely quickly. (Speed+++)


   Skills:
 + Level 3.0 Fighting
 + Level 3.0 Long Blades
 + Level 5.0 Dodging
 + Level 0.5 Shields


You had 3 spell levels left.
You didn't know any spells.
Your spell library contained the following spells:

 Spells                   Type           Power      Damage    Failure   Level
 Magic Dart               Conj           0%         1d3       56%         1
 Searing Ray              Conj           0%         3d3       71%         2
 Dazzling Flash           Conj/Hex       0%         N/A       91%         3
 Fulminant Prism          Conj/Hex       0%         3d6       100%        4
 Iskenderun's Mystic Bla  Conj/Tloc      0%         2d3       100%        4

Inventory:

Hand Weapons
 a - a +0 falchion (weapon) {long}
Missiles
 c - 33 sling bullets
 e - 26 bolts
 f - 61 stones {throwing}
Armour
 b - a +0 animal skin (worn)
 g - a +0 buckler (worn)
   (You found it on level 1 of the Dungeon)
Scrolls
 h - a scroll of blinking {unknown}
 i - 2 scrolls of holy word {unknown}
 l - a scroll of noise {unknown}
Potions
 d - a potion of haste {unknown}
 j - a potion of ambrosia {unknown}
 k - a potion of might {unknown}

Dungeon Overview and Level Annotations

Branches:
Dungeon (3/15)

Altars:

#.##.### # #......# #
#..###.## # # #..# #..# # #o
##.###..# # o## #.....<# # ..
###.##.# # #. #.##.# #
#####.######@##.#############
#........o..)##..<...........
#.###.#######################
#. ##


You could see an orc wizard (invisible).


Message History

Trog accepts your kill.
No target in view!
No target in view!
You see here a bat corpse.
Found an escape hatch in the ceiling.
There is an escape hatch in the ceiling here.
A quokka comes into view.
You see here 18 stones {throwing}.
You see here 3 gold pieces.
You hit the quokka but do no damage. The quokka completely misses you.
You riposte.
You closely miss the quokka. The quokka misses you.
You riposte.
You hit the quokka.
Your shield prevents you from hitting the quokka.
The quokka closely misses you.
You riposte.
You hit the quokka.
You kill the quokka!
Trog accepts your kill.
No target in view!
You now have 41 gold pieces (gained 3).
f - 61 stones {throwing} (gained 18)
You see here a quokka corpse.
You see here a +0 leather armour.
There is a stone staircase leading up here.
An orc comes into view. It is wielding a +0 mace.
The orc shouts!
You hear a shout! x3
An orc comes into view. It is wielding a +0 war axe.
An orc priest comes into view. It is wielding a +0 war axe.
Unknown command.
You start waiting.
An orc is nearby!
You hit the orc.
The orc hits you with a +0 mace. x2 😮 HP[-9]
You take 9 damage, and now have 10/19 hp.
MASSIVE DAMAGE!! (PAUSE)
You are too injured to fight recklessly!
Unknown command.
A red film seems to cover your vision as you go berserk!
You feel yourself moving faster!
You feel mighty! The orc completely misses you. 😮 HP[+5]
You now have 28 max hp (+9).
You regained 5 hp, and now have 15/28 hp.
Your shield prevents you from hitting the orc.
You hit the orc. The orc closely misses you.
You riposte.
You hit the orc.
You kill the orc!
Trog accepts your kill.
You closely miss the orc. You completely miss the orc.
The orc barely misses you.
You hit the orc. The orc closely misses you.
You slash the orc!
You kill the orc!
Trog accepts your kill.
You completely miss the orc priest.
An orc priest comes into view. It is wielding a +0 whip.
The orc priest mumbles some strange prayers to Beogh against you.
You struggle to resist.
You slash the orc priest! You hit the orc priest.
You kill the orc priest!
Trog accepts your kill.
Your Fighting skill increases to level 3!
Your Long Blades skill increases to level 3!
Your Dodging skill increases to level 5!
You have reached level 4! 😮 HP[+5] MP[+1]
You now have 36 max hp (+8).
You regained 5 hp, and now have 20/36 hp.
Your mp is fully restored (5).
An orc wizard comes into view. It is wielding a +0 dagger.
The orc wizard shouts!
The orc priest hits you but does no damage.
Items here: ))) [.
You barely miss the orc priest.
The orc wizard gestures wildly while chanting.
The orc wizard flickers and vanishes for a moment.
The orc priest invokes the aid of Beogh against you.
Beogh smites you!
* * * LOW HITPOINT WARNING * * *
😨 HP[-10]
You take 10 damage, and now have 10/36 hp.
MASSIVE DAMAGE!! (PAUSE)
You barely miss the orc priest. You barely miss the orc priest.
The orc priest calls down the wrath of Beogh upon you.
You struggle to resist.
The orc wizard points at you and mumbles some strange words.
You easily resist.
You slash the orc priest! The orc priest hits you with a +0 whip.
* * * LOW HITPOINT WARNING * * *
😱 HP[-5]
You take 5 damage, and now have 5/36 hp.
Unknown command.
You slash the orc priest!
You kill the orc priest!
Trog accepts your kill.
You are no longer berserk.
You are exhausted.
You feel yourself slow down. The orc wizard casts a spell at you.
The puff of flame hits you.
You die...

Skill      XL: |  1  2  3 |
---------------+----------+-----
Fighting       | 3 |  3.0
Long Blades    | 3 |  3.0
Dodging        | 5 |  5.0
Shields        | |  0.5

Action                   |  1- 3 |  4- 6 || total
-------------------------+-------+-------++-------
Melee: Falchion          |    80 |     5 ||    85
Invok: Berserk           |     2 |       ||     2
Armor: Animal skin       |     3 |     1 ||     4
Dodge: Dodged            |    84 |       ||    84
Block: Buckler           |     6 |       ||     6
       Rpst.: Falchion   |    31 |       ||    31

Levels and vault maps discovered:
D:1:      grunt_arrival_lava_bath, layout_loops_ring
D:2:      layout_loops_ring, ebering_ecumenical_altar_webs
D:3:      layout_loops_cross, serial_shops, nicolae_square_shop, shop_fountains,
          shop, shop_fountains, nicolae_shop_waterfront, uniq_robin

Notes
Turn   | Place    | Note
-------+----------+-------------------------------------------
     0 | D:1      | Sobieck the Spriggan Berserker began the quest for the Orb.
     0 | D:1      | Reached XP level 1. HP: 11/11 MP: 2/2
     0 | D:1      | magus.rc [v1.9.6]
   268 | D:1      | Reached XP level 2. HP: 16/16 MP: 3/3
   640 | D:1      | Reached XP level 3. HP: 19/19 MP: 4/4
   714 | D:1      | You pick up a book of Conjurations {forbidden@e2} and begin
                  | reading...
   714 | D:1      | You add the spells Magic Dart, Searing Ray, Dazzling Flash,
                  | Fulminant Prism and Iskenderun's Mystic Blast to your
                  | library.
  1475 | D:2      | Reached ** piety under Trog
  1555 | D:2      | Found a faded altar of an unknown god.
  1701 | D:2      | Reached skill level 3 in Fighting
  1701 | D:2      | Reached skill level 3 in Long Blades
  1701 | D:2      | Reached skill level 5 in Dodging
  1701 | D:2      | Reached XP level 4. HP: 20/24 MP: 5/5
  1705 | D:2      | HP: 5/36 [orc priest (5)]
  1706 | D:2      | Killed from afar by an orc wizard

Vanquished Creatures
  2 orc priests (D:2)
  An adder (D:1)
  A dart slug (D:2)
  2 orcs (D:2)
  8 bats
  2 giant cockroaches
  3 goblins
  2 hobgoblins (D:1)
  4 jackals (D:1)
  2 kobolds
  3 quokkas
  5 ball pythons
  A frilled lizard (D:1)
  A rat (D:1)
37 creatures vanquished.

Table legend:
 A = Non-vault XP
 B = Vault XP
 C = Vault XP percentage of total XP
 D = Non-vault monster count
 E = Vault monster count
 F = Vault count percentage of total count
                 A         B        C        D         E       F
            +---------+---------+-------+---------+---------+-------
      Total |     157 |       0 |   0.0 |      37 |       0 |   0.0
            +---------+---------+-------+---------+---------+-------
        D:1 |      50 |       0 |   0.0 |      24 |       0 |   0.0
        D:2 |     107 |       0 |   0.0 |      13 |       0 |   0.0
            +---------+---------+-------+---------+---------+-------

Illustrated notes

Table legend:
 A = Kills in this place as a percentage of kills in entire the game.
 B = Kills by you in this place as a percentage of kills by you in the entire game.
 C = Kills by friends in this place as a percentage of kills by friends in the entire game.
 D = Other kills in this place as a percentage of other kills in the entire game.
 E = Experience gained in this place as a percentage of experience gained in the entire game.
 F = Experience gained in this place divided by the number of levels of this place that you have seen.
                   A       B       C       D       E      F
               +-------+-------+-------+-------+-------+----------------------
         Total | 100.0 | 100.0 |   N/A |   N/A | 100.0 |  52.3
       Dungeon | 100.0 | 100.0 |   N/A |   N/A | 100.0 |  52.3
               +-------+-------+-------+-------+-------+----------------------

Table legend: (Time is in decaauts)
 A = Elapsed time spent in this place.
 B = Non-inter-level travel time spent in this place.
 C = Inter-level travel time spent in this place.
 D = Time resting spent in this place.
 E = Time spent auto-exploring this place.
 F = Levels seen in this place.
 G = Mean time per level.
                   A        B        C        D        E       F      G
               +--------+--------+--------+--------+--------+-----+--------+
         Total |   1316 |   1237 |     79 |    365 |    675 |   3 |  438.7 |
       Dungeon |   1316 |   1237 |     79 |    365 |    675 |   3 |  438.7 |
               +--------+--------+--------+--------+--------+-----+--------+

Top non-repeatable levels by time:
     D:1: 953 daAuts
     D:2: 361 daAuts
     D:3: 1 daAuts
